 Dungeon Crawl Stone Soup version 0.25.0-15-gac7dcb8919 (webtiles) character file.

Game seed: 9137161690647905143

3530 Curus the Cleaver (level 10, -3/84 HPs)
             Began as a Hill Orc Abyssal Knight on June 29, 2020.
             Was an Elder of Lugonu.
             Succumbed to a queen ant's poison
             ... on level 8 of the Dungeon.
             The game lasted 00:33:52 (7224 turns).

Curus the Cleaver (Hill Orc Abyssal Knight)         Turns: 7224, Time: 00:33:53

Health: -3/84      AC: 19    Str: 16    XL:     10   Next: 8%
Magic:  18/18      EV:  7    Int: 14    God:    Lugonu [****..]
Gold:   303        SH:  0    Dex: 13    Spells: 9/9 levels left

rFire    . . .     SeeInvis .   d - +1 war axe
rCold    + . .     Gourm    .   (no shield)
rNeg     . . .     Faith    +   s - +4 chain mail
rPois    +         Spirit   .   g - +1 helmet
rElec    .         Reflect  .   v - +1 cloak
rCorr    .         Harm     .   (no gloves)
MR       .....                  t - +1 pair of boots
Stlth    ..........             C - amulet of faith
HPRegen  0.24/turn              h - ring of poison resistance
MPRegen  0.16/turn              k - ring of protection from cold

@: lethally poisoned (-3 -> -67), berserk cooldown, slowed, very slow
A: clever 1, robust 1
a: Depart the Abyss, Bend Space, Banish, Corrupt, Renounce Religion


You were on level 8 of the Dungeon.
You worshipped Lugonu.
Lugonu was greatly pleased with you.
You were not hungry.

You visited 1 branch of the dungeon, and saw 8 of its levels.
You visited the Abyss 1 time.

You collected 303 gold pieces.

Inventory:

Hand Weapons
 a - a +2 hand axe
 d - a +1 war axe (weapon)
Armour
 b - a +0 leather armour
 e - a +0 ring mail
 g - a +1 helmet (worn)
 n - a +0 pair of boots
 p - a +0 chain mail
 s - a +4 chain mail (worn)
 t - a +1 pair of boots (worn)
 v - a +1 cloak (worn)
Jewellery
 f - an uncursed ring of wizardry
 h - a ring of poison resistance (left hand)
 i - an uncursed ring of attention
 k - a ring of protection from cold (right hand)
 r - a +6 ring of strength
 C - an amulet of faith (around neck)
Wands
 u - a wand of flame (27)
Scrolls
 j - 6 scrolls of identify
 l - 6 scrolls of teleportation
 o - 3 scrolls of blinking
 q - 6 scrolls of remove curse
 w - 2 scrolls of amnesia
Potions
 m - 3 potions of stabbing
 x - a potion of flight
 A - a potion of brilliance
Comestibles
 c - 16 rations


   Skills:
 - Level 3.6 Fighting
 * Level 14.4 Axes
 - Level 2.1 Armour
 - Level 0.7 Dodging
 - Level 10.7 Invocations


You had 9 spell levels left.
You didn't know any spells.
Your spell library contained the following spells:

 Spells                   Type           Power        Failure   Level  Hunger
 Sting                    Tmut/Pois      #...         99%         1    ##.....
 Poisonous Vapours        Pois/Air       #.....       100%        2    ###....
 Ignite Poison            Fire/Tmut/Pois #.......     100%        3    ####...
 Mephitic Cloud           Conj/Pois/Air  #.......     100%        3    ####...
 Olgreb's Toxic Radiance  Pois           #.......     100%        4    #####..


Dungeon Overview and Level Annotations

Branches:
Dungeon (8/15)             Temple (0/1) D:7
   Lair: D:8-11

Altars:
Cheibriados
Dithmenos
Elyvilon
Fedhas
Hepliaklqana
Makhleb
Qazlal
Trog
Uskayaw
Vehumet
Yredelemnul
The Shining One


Innate Abilities, Weirdness & Mutations

Your mind is acute. (Int +2)
You are robust. (+10% HP)


Message History

2 worker ants and a soldier ant come into view.
* * * LOW HITPOINT WARNING * * *
You feel very sick.
The worker ant twitches its antennae in your direction. x2
A worker ant comes into view.
You are no longer berserk.
You are exhausted.
You feel yourself slow down.
* * * LOW HITPOINT WARNING * * *
You feel very sick.
You barely miss the worker ant.
* * * LOW HITPOINT WARNING * * *
You feel extremely sick.
The worker ant bites you but does no damage.
* * * LOW HITPOINT WARNING * * *
You feel extremely sick.
The worker ant bites you but does no damage.
You slash the worker ant!
The worker ant is moderately wounded.
You die...

## ..#.. # .# #....
.# .# .# ##.#.# .#
..#. #. #....a # ..#
.# #.. #>
....a#.#..#.# ..# #.
#.#.#..#.#.. .#
#.#.###.# #.....a#.#
#..#.#....##
#...#.#@.#
#..#.#.#.... ..#
##†### #..#.#.#..##
#..#..# ##.........#
###.#.###.#.#.#..#.#
..#.†...#....##.#.##
#####.#...#.#........
#...##....##.#.##
###.###.#.##.#.#. #.#
#.#.##.#...


You could see a soldier ant and 2 worker ants.

Vanquished Creatures
  A queen ant (D:8)
  A hippogriff (D:8)
  A spriggan (D:7)
  A water moccasin (D:7)
  A soldier ant (D:8)
  A black bear (D:7)
  A phantom (D:5)
  An ice beast (D:8)
  2 sky beasts
  4 ogres
  A centaur (D:7)
  3 bullfrogs
  A scorpion (D:4)
  A howler monkey (D:6)
  3 crimson imps
  A quasit (D:7)
  A bullfrog zombie (D:7)
  A centaur skeleton (D:7)
  An orc priest (D:5)
  6 hounds
  2 bullfrog skeletons
  3 iguanas
  5 orc wizards
  7 worker ants
  2 worker ant zombies
  8 adders
  3 gnolls (D:7)
  An ooze (D:7)
  An adder skeleton (D:4)
  3 worms
  10 dart slugs
  A leopard gecko (D:3)
  24 orcs
  2 ball pythons
  3 giant cockroaches
  7 goblins
  3 hobgoblins
  5 jackals
  12 kobolds
  A quokka (D:2)
  A ball python skeleton (D:4)
  5 bats
  7 frilled lizards
  A jackal skeleton (D:7)
  A leopard gecko skeleton (D:7)
  5 rats
156 creatures vanquished.

Vanquished Creatures (others)
  An orc warrior (D:6)
  An electric eel (D:6)
2 creatures vanquished.

Grand Total: 158 creatures vanquished

Notes
Turn   | Place    | Note
-------+----------+-------------------------------------------
     0 | Abyss:1  | Curus the Hill Orc Abyssal Knight began the quest for the
                  | Orb.
     0 | Abyss:1  | Reached XP level 1. HP: 19/19 MP: 2/2
    11 | D:1      | Escaped the Abyss
    43 | D:1      | Reached skill level 3 in Axes
   113 | D:1      | Reached XP level 2. HP: 26/26 MP: 2/4
   743 | D:2      | Found a white marble altar of Elyvilon.
   783 | D:2      | Reached XP level 3. HP: 31/31 MP: 5/5
   850 | D:2      | Reached skill level 4 in Axes
   852 | D:2      | Reached ** piety under Lugonu
  1132 | D:2      | Found a bloodstained altar of Trog.
  1191 | D:2      | Gained mutation: You are robust. (+10% HP) [potion of
                  | mutation]
  1191 | D:2      | Gained mutation: Your mind is acute. (Int +2) [potion of
                  | mutation]
  1445 | D:2      | Reached XP level 4. HP: 36/42 MP: 7/7
  1731 | D:3      | Found a bloodstained altar of Trog.
  1829 | D:3      | Found a stormy altar of Qazlal.
  2188 | D:3      | Found a hide-covered altar of Uskayaw.
  2188 | D:3      | Found a snail-covered altar of Cheibriados.
  2459 | D:4      | Reached skill level 5 in Axes
  2459 | D:4      | Reached XP level 5. HP: 49/49 MP: 8/8
  2487 | D:4      | Reached *** piety under Lugonu
  2487 | D:4      | Reached skill level 5 in Invocations
  2548 | D:4      | Noticed an ogre
  2554 | D:4      | Killed an ogre
  2554 | D:4      | Reached XP level 6. HP: 25/56 MP: 8/10
  2706 | D:4      | Reached skill level 6 in Axes
  3267 | D:4      | Reached skill level 7 in Axes
  3267 | D:4      | Reached XP level 7. HP: 54/62 MP: 12/12
  3731 | D:4      | Found a glowing golden altar of the Shining One.
  3772 | D:4      | Found a blossoming altar of Fedhas.
  3837 | D:5      | Entered Level 5 of the Dungeon
  3940 | D:5      | Reached skill level 8 in Axes
  4117 | D:5      | Reached XP level 8. HP: 69/70 MP: 14/14
  4302 | D:5      | Reached skill level 9 in Axes
  5095 | D:6      | Found a burning altar of Makhleb.
  5225 | D:6      | Reached skill level 10 in Axes
  5369 | D:6      | Found a hazy altar of Hepliaklqana.
  5422 | D:6      | HP: 3/70 [orc warrior/+0 scimitar (4)]
  5423 | D:6      | Reached **** piety under Lugonu
  5765 | D:6      | Found a radiant altar of Vehumet.
  6054 | D:7      | Found a basalt altar of Yredelemnul.
  6114 | D:7      | Reached skill level 10 in Invocations
  6119 | D:7      | Reached XP level 9. HP: 70/77 MP: 16/16
  6124 | D:7      | Reached skill level 11 in Axes
  6155 | D:7      | Found a staircase to the Ecumenical Temple.
  6426 | D:7      | Found a shadowy altar of Dithmenos.
  6430 | D:7      | Found a shadowy altar of Dithmenos.
  6703 | D:7      | Reached skill level 12 in Axes
  7099 | D:8      | Reached skill level 13 in Axes
  7180 | D:8      | Noticed a queen ant
  7215 | D:8      | Killed a queen ant
  7215 | D:8      | Reached skill level 14 in Axes
  7215 | D:8      | Reached XP level 10. HP: 60/84 MP: 18/18
  7223 | D:8      | HP: 3/84 [poisoned by a queen ant]
  7224 | D:8      | Succumbed to a queen ant's poison

Illustrated notes

Levels and vault maps discovered:
D:1:      lemuel_arrival_cross, layout_loops_ring
D:2:      layout_loops_ring, marbit_many_paths, serial_glass, glass_columns_b,
          glass_columns_c, glass_columns_a, glass_columns_a, glass_columns_b,
          glass_columns_a, elyvilon_altar_4
D:3:      layout_loops_cross, grunt_qazlal_sundering,
          gammafunk_temple_overflow_elements, first_ration, bloody_trog
D:4:      layout_loops_ring, overflow_temple_1_default, fedhas_altar_2
D:5:      layout_cave_pools, minmay_misc_feat_ornament, corexii_shack,
          dk_noncrumbling_4
D:6:      kennysheep_slugbush, layout_basic, kennysheep_mini, basic_altar,
          makhleb_heckhound_becter
D:7:      layout_rooms, lemuel_crystal_altar, minmay_temple_entry_junction_2,
          basic_altar, the_bakery, yredelemnul_altar_generic
D:8:      layout_loops_ring, amethyst_overflow_temple_binary,
          lemuel_crystal_altar, erik_lair_dragon, minmay_another_anthill

Skill      XL: |  1  2  3  4  5  6  7  8  9 |
---------------+----------------------------+-----
Axes           | 3 4 5 7 8 10 14 | 14.4
Invocations    | 3 4 5 6 8 10 | 10.7
Fighting       | |  3.6
Armour         | |  2.1
Dodging        | |  0.7

Action                   |  1- 3 |  4- 6 |  7- 9 | 10-12 || total
-------------------------+-------+-------+-------+-------++-------
Melee: Hand axe          |   122 |     5 |       |       ||   127
       War axe           |       |   108 |   387 |     5 ||   500
Invok: Banish            |       |       |     2 |       ||     2
Evoke: Wand              |       |       |     3 |       ||     3
  Use: Scroll            |     6 |     3 |     5 |       ||    14
       Potion            |     4 |     3 |     6 |       ||    13
  Eat: Chunk             |     2 |     5 |    14 |       ||    21
Armor: Ring mail         |    50 |    30 |       |       ||    80
       Leather armour    |     3 |       |       |       ||     3
       Chain mail        |       |    25 |   301 |     3 ||   329
Dodge: Dodged            |    61 |    55 |   113 |       ||   229
